 Dungeon Crawl Stone Soup version 0.28-a0-664-gc179e30c89 (webtiles) character file.

Game seed: 17620745908145437396

742 lawman0 the Digger (level 7, -2/62 HPs)
             Began as a Troll Earth Elementalist on Oct 15, 2021.
             Slain by an orc warrior (14 damage)
             ... on level 5 of the Dungeon.
             The game lasted 00:05:23 (3494 turns).

lawman0 the Digger (Troll Earth Elementalist)       Turns: 3494, Time: 00:05:24

Health: -2/62      AC:  4    Str: 17    XL:     7   Next: 47%
Magic:  10/10      EV: 10    Int: 13    God:
Gold:   141        SH:  0    Dex: 10    Spells: 5/11 levels left

rFire   . . .      SeeInvis .     - Unarmed
rCold   . . .      Faith    .   (no shield)
rNeg    . . .      Spirit   .   b - +0 robe
rPois   .          Reflect  .   (helmet restricted)
rElec   .          Harm     .   (no cloak)
rCorr   .          Rampage  .   (gloves unavailable)
Will    .....                   (boots unavailable)
Stlth   ++........              (no amulet)
HPRegen 1.20/turn               (no ring)
MPRegen 0.12/turn               (no ring)

@: hasted, very quick
A: large, unfitting armour, claws 3, regeneration 1, shaggy fur 1, tough skin 1
a: no special abilities


You were on level 5 of the Dungeon.
You visited 1 branch of the dungeon, and saw 5 of its levels.

You collected 239 gold pieces.
You spent 98 gold pieces at shops.

Inventory:

Missiles
 c - 95 stones (quivered)
 j - a throwing net
Armour
 b - a +0 robe (worn)
Scrolls
 a - 3 scrolls of teleportation
 d - 3 scrolls of blinking
 e - a scroll of fog
 h - a scroll of amnesia {unknown}
 i - a scroll of acquirement {unknown}
Potions
 f - a potion of attraction
 l - a potion of heal wounds


   Skills:
 + Level 1.3 Fighting
 + Level 0.1 Throwing
 + Level 2.5 Dodging
 + Level 1.7 Stealth
 + Level 4.2 Unarmed Combat
 + Level 2.6 Spellcasting
 + Level 0.8 Transmutations
 + Level 4.5 Earth Magic


You had 5 spell levels left.
You knew the following spells:

 Your Spells              Type           Power      Damage    Failure   Level
a - Sandblast             Erth           26%        2d8       3%          1
b - Passwall              Tmut/Erth      6%         N/A       12%         2
c - Stone Arrow           Conj/Erth      14%        3d7       28%         3

Your spell library contained the following spells:

 Spells                   Type           Power      Damage    Failure   Level
 Petrify                  Tmut/Erth      8%         N/A       61%         4


Dungeon Overview and Level Annotations

Branches:
Dungeon (5/15)
 Temple: D:4-7

Altars:
Sif Muna

Shops:
D:4 !

Annotations:
D:5 3 runed translucent doors


Innate Abilities, Weirdness & Mutations

You are too large for most types of armour.
You have claws for hands.
Your natural rate of healing is unusually fast.
You are covered in fur. (AC +1)
You have tough skin. (AC +1)


Message History

The blast of sand misses the orc warrior.
c - 95 stones The orc warrior hits you from afar with a +0 halberd!
Casting: Sandblast (safe; 3% risk of failure)
Confirm with . or Enter, or press ? or * to list all spells.
You don't have enough magic to cast this spell.
Unknown command.
Unknown command.
Okay, then.
You aren't carrying any items that you can evoke.
It was a potion of ambrosia.
You are confused.
You feel invigorated.
The orc warrior hits you from afar with a +0 halberd!!
* * * LOW HITPOINT WARNING * * *
You're too confused to move!
The orc warrior hits you from afar with a +0 halberd.
You feel less invigorated.
You feel less confused.
The orc warrior hits you with a +0 halberd!!
You are too injured to fight recklessly!
You scratch the orc warrior but do no damage.
The orc warrior is almost dead.
The orc warrior hits you with a +0 halberd!
You are too injured to fight recklessly!
You scratch the orc warrior.
The orc warrior is almost dead.
The orc warrior barely misses you.
You are too injured to fight recklessly!
You closely miss the orc warrior.
The orc warrior is almost dead.
The orc warrior barely misses you.
You are too injured to fight recklessly!
It was a potion of haste.
You feel yourself speed up.
The orc warrior hits you with a +0 halberd!
* * * LOW HITPOINT WARNING * * *
You barely miss the orc warrior.
The orc warrior is almost dead.
The orc warrior hits you with a +0 halberd!
You die...

#......#>#####
#..###........
#..# ###.#####
#.†## #.#
#...# #.#
#####.#.# #.#
#.....#.#
#.#####
#.#####.#
#.#.... #@#
#.# #.#.###
#o# #.# #.#.#
#.# #.#
#.#.### #{#
#<####......
#o#
#........###
#.#
#######..###
#?.({{o..
#.....
#########
#..... ######


You could see an orc warrior and an orc.

Vanquished Creatures
  Grinder (D:3)
  An ogre (D:4)
  A jelly (D:4)
  2 hounds (D:5)
  2 orc priests
  A centaur skeleton (D:4)
  Natasha (thrice) (D:3)
  An orc wizard (D:3)
  8 adders
  An ufetubus (D:4)
  3 worms
  2 dart slugs (D:2)
  10 orcs
  3 bats
  7 endoplasms
  5 giant cockroaches
  9 goblins
  4 hobgoblins
  8 jackals
  2 quokkas
  3 ball pythons
  5 frilled lizards
  13 kobolds
  6 rats
101 creatures vanquished.

Notes
Turn   | Place    | Note
-------+----------+-------------------------------------------
     0 | D:1      | lawman0 the Troll Earth Elementalist began the quest for
                  | the Orb.
     0 | D:1      | Reached XP level 1. HP: 16/16 MP: 1/1
   308 | D:1      | Reached XP level 2. HP: 24/24 MP: 3/3
   315 | D:1      | Learned a level 2 spell: Passwall
   709 | D:1      | Reached XP level 3. HP: 31/31 MP: 4/4
   769 | D:1      | Found a faded altar of an unknown god.
   985 | D:2      | Found a shimmering blue altar of Sif Muna.
  1035 | D:2      | nah
  1300 | D:2      | Reached skill level 1 in Unarmed Combat
  1657 | D:2      | Reached XP level 4. HP: 36/39 MP: 1/5
  1753 | D:2      | Learned a level 3 spell: Stone Arrow
  1882 | D:3      | Noticed Grinder
  1907 | D:3      | Killed Grinder
  1908 | D:3      | Reached XP level 5. HP: 21/45 MP: 1/7
  1908 | D:3      | Reached XP level 6. HP: 24/53 MP: 1/8
  2163 | D:3      | Noticed Natasha
  2205 | D:3      | Killed Natasha
  2301 | D:3      | Noticed Natasha
  2307 | D:3      | Killed Natasha
  2308 | D:3      | Reached skill level 1 in Fighting
  2337 | D:3      | Noticed Natasha
  2344 | D:3      | Killed Natasha
  2711 | D:4      | Reached XP level 7. HP: 53/62 MP: 2/9
  3152 | D:4      | Found Buywkov's Distillery.
  3178 | D:4      | Bought 2 potions of degeneration for 28 gold pieces
  3178 | D:4      | Bought a potion of heal wounds for 70 gold pieces
  3224 | D:5      | Entered Level 5 of the Dungeon
  3393 | D:5      | Found a runed translucent gate.
  3393 | D:5      | Found a runed translucent gate.
  3393 | D:5      | Found a runed translucent gate.
  3494 | D:5      | Slain by an orc warrior

Illustrated notes

### .# #.##### ..
w.#######.#.... ..
.. #....#.#.### .
.. #....#.#.# .##.
#....#.#.### #..
#...)...)... #.#
#...........
#.######...........
#.@................
#######............
#...............
#......##.......
##......##.......
#.......#########
#.......#
#.......##
#........##


Turn 1035 on D:2: nah

Levels and vault maps discovered:
D:1:      enne_arrival_octagon_isle, layout_basic,
          shapermc_ecumenical_altar_hornbeckon
D:2:      layout_basic, basic_altar
D:3:      layout_rooms, corexii_hall_statues_x, uniq_grinder, uniq_natasha
D:4:      layout_rooms, serial_shops, shop, kennysheep_cross_room,
          minmay_unequal
D:5:      layout_loops_ring, lemuel_coloured_pillars_altar, gammafunk_ghost_icy,
          uniq_blork_the_orc, uniq_ijyb

Skill      XL: |  1  2  3  4  5  6  7 |
---------------+----------------------+-----
Earth Magic    | 3 4 |  4.5
Unarmed Combat | 1 2 3 4 |  4.2
Dodging        | 2 |  2.5
Spellcasting   | 2 |  2.6
Fighting       | 1 |  1.3
Throwing       | |  0.1
Stealth        | |  1.7
Transmutations | |  0.8

Action                   |  1- 3 |  4- 6 |  7- 9 || total
-------------------------+-------+-------+-------++-------
Melee: Unarmed           |    94 |    95 |    40 ||   229
Throw: Large rock        |       |       |    12 ||    12
       Stone             |       |       |     1 ||     1
 Cast: Sandblast         |    29 |    31 |    11 ||    71
       Passwall          |       |       |     3 ||     3
       Stone Arrow       |       |       |     2 ||     2
  Use: Potion            |       |     4 |     3 ||     7
       Scroll            |       |       |     4 ||     4
 Stab: Sleeping          |     4 |     1 |     1 ||     6
Armor: Robe              |    43 |    32 |    10 ||    85
Dodge: Dodged            |    49 |    57 |    27 ||   133

Table legend: (Time is in decaauts)
 A = Elapsed time spent in this place.
 B = Non-inter-level travel time spent in this place.
 C = Inter-level travel time spent in this place.
 D = Time resting spent in this place.
 E = Time spent auto-exploring this place.
 F = Levels seen in this place.
 G = Mean time per level.
                   A        B        C        D        E       F      G
               +--------+--------+--------+--------+--------+-----+--------+
         Total |   3510 |   3430 |     80 |    109 |   2549 |   5 |  702.0 |
       Dungeon |   3510 |   3430 |     80 |    109 |   2549 |   5 |  702.0 |
               +--------+--------+--------+--------+--------+-----+--------+

Top non-repeatable levels by time:
     D:2: 962 daAuts
     D:1: 916 daAuts
     D:3: 766 daAuts
     D:4: 585 daAuts
     D:5: 279 daAuts
